 Dungeon Crawl Stone Soup version 0.29-a0-275-g389c0b56f3 (webtiles) character file.

Game seed: 3960883564342009221

1431 bustaboy the Ruffian (level 8, -5/78 HPs)
             Began as a Troll Berserker on Mar 12, 2022.
             Was a Priest of Trog.
             Succumbed to a gnoll sergeant's poison
             ... on level 7 of the Dungeon.
             The game lasted 00:19:05 (4139 turns).

bustaboy the Ruffian (Troll Berserker)              Turns: 4139, Time: 00:19:06

Health: -5/78      AC:  5    Str: 28    XL:     8   Next: 45%
Magic:  7/7        EV: 14    Int:  3    God:    Trog [***...]
Gold:   397        SH:  0    Dex:  9    Spells: 7/7 levels left

rFire   . . .      SeeInvis .     - Unarmed
rCold   . . .      Faith    .   (no shield)
rNeg    . . .      Spirit   .   a - +1 animal skin
rPois   .          Reflect  .   (helmet restricted)
rElec   .          Harm     .   (no cloak)
rCorr   .          Rampage  .   (gloves unavailable)
Will    .....                   (boots unavailable)
Stlth   +.........              (no amulet)
HPRegen 1.03/turn               p - +4 ring of evasion
MPRegen 0.10/turn               (no ring)

@: lethally poisoned (-5 -> -28), marked
A: large, unfitting armour, claws 3, regeneration 1, shaggy fur 1, tough skin 1
a: Renounce Religion, Berserk, Trog's Hand


You were on level 7 of the Dungeon.
You worshipped Trog.
Trog was most pleased with you.
You visited 1 branch of the dungeon, and saw 7 of its levels.

You collected 397 gold pieces.

Inventory:

Hand Weapons
 e - a +2 short sword of flaming
 g - a +0 whip of draining
 t - a +2 vampiric whip
Missiles
 m - 15 boomerangs
Armour
 a - a +1 animal skin (worn)
Jewellery
 p - a +4 ring of evasion (left claw)
 v - a ring of wizardry
Wands
 l - a wand of iceblast (13) (quivered)
Scrolls
 d - a scroll of fog
 k - 7 scrolls of teleportation
 q - a scroll of holy word
 r - a scroll of silence
 s - a scroll of noise
 w - 2 scrolls of immolation
 y - a scroll of brand weapon
Potions
 b - a potion of attraction
 c - a potion of berserk rage {unknown}
 f - a potion of curing
 h - 2 potions of lignification
 i - 2 potions of heal wounds
 j - a potion of degeneration {unknown}
 n - a potion of brilliance {unknown}
 o - a potion of ambrosia {unknown}
 u - a potion of invisibility


   Skills:
 + Level 4.0 Fighting
 - Level 2.0 Maces & Flails
 + Level 5.0 Dodging
 + Level 1.3 Stealth
 + Level 7.9 Unarmed Combat


You had 7 spell levels left.
You didn't know any spells.
Your spell library contained the following spells:

 Spells                   Type           Power      Damage    Failure   Level
 Beastly Appendage        Tmut           0%         N/A       52%         1
 Ensorcelled Hibernation  Hex/Ice        0%         N/A       67%         2
 Static Discharge         Conj/Air       0%         N/A       67%         2
 Wereblood                Tmut           0%         N/A       67%         2
 Spider Form              Tmut/Pois      0%         N/A       88%         3
 Stone Arrow              Conj/Erth      0%         3d7       88%         3
 Tukima's Dance           Hex            0%         N/A       88%         3
 Anguish                  Hex/Necr       0%         N/A       99%         4
 Animate Armour           Summ/Erth      0%         N/A       99%         4
 Passage of Golubria      Tloc           0%         N/A       99%         4
 Lightning Bolt           Conj/Air       0%         1d11      100%        5
 Yara's Violent Unravell  Hex/Tmut       0%         3d3       100%        5
 Lehudib's Crystal Spear  Conj/Erth      0%         10d2      100%        8
 Maxwell's Capacitive Co  Air            0%         ∞         100%        8


Dungeon Overview and Level Annotations

Branches:
Dungeon (7/15)
 Temple: D:4-7

Altars:
Makhleb

Shops:
D:2 (*

Annotations:
D:5 1 transporter, Tutankhamun's ghost, amateur TrBr


Innate Abilities, Weirdness & Mutations

You are too large for most types of armour.
You have claws for hands.
Your natural rate of healing is unusually fast.
You are covered in fur. (AC +1)
You have tough skin. (AC +1)


Message History

You feel sick.
You feel sick.
You feel sick.
You feel sick.
You are no longer poisoned.
The gnoll sergeant closely misses you. The gnoll misses you.
The gnoll barely misses you.
The gnoll pulls the alarm!
The alarm trap emits a blaring wail!
A sentinel's mark forms upon you.
There is an open door here.
There is a large open door here.
There is a large open door here.
The gnoll sergeant hits you from afar with a +3 trident of venom!
You are poisoned.
You feel very sick.
You feel very sick.
You feel very sick.
An iguana comes into view.
You feel very sick.
You barely miss the iguana.
You feel sick.
The gnoll sergeant hits you from afar with a +3 trident of venom.
* * * LOW HITPOINT WARNING * * *
You are more poisoned.
The iguana misses you.
You scratch the iguana.
The iguana is moderately wounded.
You feel very sick.
The gnoll sergeant completely misses you.
The iguana barely misses you.
You claw the iguana!
The iguana is almost dead.
You feel sick.
The gnoll sergeant hits you from afar with a +3 trident of venom!
* * * LOW HITPOINT WARNING * * *
You are lethally poisoned!
The iguana bites you.
* * * LOW HITPOINT WARNING * * *
You die...

..######...###........#####.#.#
# ### #...# #.#.###### ..# # #
# #...# #.#.### .## #
##########g###.....# P.
..##........###....# ≈.
...#........# #....# ≈≈.
...#......g.# ##...###P≈≈
#..#......g.####l........
'..#######'###..@.####P≈≈ #..#
####'###.g..#..# ...#
#....g.gg..<..## #g.#
#......g......### ..##
#...............# g##
#............#### .#
#............# .#
#............#### .#
###########.....#


You could see a gnoll sergeant, an iguana and 4 gnolls.

Vanquished Creatures
  A steam dragon (D:4)
  A sky beast (D:6)
  A black bear (D:7)
  An ogre (D:6)
  A kobold brigand (D:7)
  4 scorpions
  4 howler monkeys
  4 hounds (D:6)
  2 orc priests (D:6)
  2 jellies
  3 iguanas
  4 orc wizards
  7 adders
  2 shadow imps
  An ufetubus (D:6)
  A worm (D:3)
  2 dart slugs
  7 orcs
  5 endoplasms
  2 giant cockroaches (D:2)
  6 goblins
  6 hobgoblins
  13 kobolds
  3 quokkas
  8 ball pythons
  4 bats
  5 frilled lizards
  4 rats
104 creatures vanquished.

Notes
Turn   | Place    | Note
-------+----------+-------------------------------------------
     0 | D:1      | bustaboy the Troll Berserker began the quest for the Orb.
     0 | D:1      | Reached XP level 1. HP: 22/22 MP: 0/0
   236 | D:1      | Reached XP level 2. HP: 29/29 MP: 1/1
   953 | D:2      | Reached XP level 3. HP: 28/36 MP: 2/2
  1018 | D:2      | Found Qysmet's Weapon Shop.
  1057 | D:2      | Found a faded altar of an unknown god.
  1132 | D:2      | Found Ettik's General Store.
  1197 | D:2      | Reached ** piety under Trog
  1344 | D:2      | Reached skill level 4 in Unarmed Combat
  1626 | D:3      | Reached XP level 4. HP: 41/44 MP: 3/3
  2132 | D:4      | Reached skill level 5 in Unarmed Combat
  2132 | D:4      | Reached XP level 5. HP: 52/52 MP: 4/4
  2217 | D:4      | Noticed a steam dragon
  2238 | D:4      | Killed a steam dragon
  2239 | D:4      | Reached skill level 1 in Maces & Flails
  2239 | D:4      | Reached XP level 6. HP: 48/59 MP: 5/5
  2560 | D:5      | Entered Level 5 of the Dungeon
  2594 | D:5      | Noticed Tutankhamun's ghost (amateur TrBr)
  2615 | D:5      | Found a transporter.
  2713 | D:5      | Reached skill level 6 in Unarmed Combat
  2716 | D:5      | Noticed a sky beast
  2888 | D:6      | Killed a sky beast
  2889 | D:6      | Reached XP level 7. HP: 48/67 MP: 6/6
  3246 | D:6      | Reached skill level 1 in Stealth
  3249 | D:6      | Reached *** piety under Trog
  3287 | D:6      | Reached XP level 8. HP: 60/78 MP: 7/7
  3381 | D:6      | Reached skill level 7 in Unarmed Combat
  3859 | D:7      | Reached skill level 5 in Dodging
  3901 | D:7      | Found a burning altar of Makhleb.
  4138 | D:7      | HP: 1/78 [iguana (3)]
  4139 | D:7      | Succumbed to a gnoll sergeant's poison

Illustrated notes

Levels and vault maps discovered:
D:1:      tarquinn_simple_flora_water_d, layout_basic, amcnicky_mini_pool_small,
          hangedman_decor_growths
D:2:      layout_loops_ring, ebering_ecumenical_altar_mist, serial_shops,
          nicolae_diamond_shop, shop
D:3:      kennysheep_big_flooded_room, layout_rooms, serial_corexii_hall,
          corexii_hall_statues_x, chequers_hall_statues_corner_a,
          corexii_hall_statues_x, corexii_hall_statues_i, nrook_loot_triangle
D:4:      layout_cave_pools
D:5:      layout_loops_ring, minmay_temple_entry_glassed_door,
          gammafunk_ghost_stat_death, minmay_misc_feat_more_columns
D:6:      layout_loops_cross
D:7:      layout_basic, mainiacjoe_overflow_surrounded_room,
          dreamdust_princess_bridge

Skill      XL: |  1  2  3  4  5  6  7  8 |
---------------+-------------------------+-----
Unarmed Combat | 4 5 6 7 |  7.9
Dodging        | 3 4 5 |  5.0
Maces & Flails | 1 2 |  2.0
Fighting       | 3 4 |  4.0
Stealth        | 1 |  1.3

Action                   |  1- 3 |  4- 6 |  7- 9 || total
-------------------------+-------+-------+-------++-------
Melee: Unarmed           |    84 |    52 |   125 ||   261
       Whip              |       |    86 |       ||    86
       Punch             |       |     5 |     1 ||     6
Invok: Berserk           |       |     1 |       ||     1
Evoke: Wand              |     1 |       |       ||     1
  Use: Scroll            |     3 |     6 |     3 ||    12
       Potion            |       |     2 |       ||     2
 Stab: Distracted        |       |       |     1 ||     1
Armor: Animal skin       |    35 |    26 |    15 ||    76
Dodge: Dodged            |    50 |    81 |    85 ||   216

Table legend: (Time is in decaauts)
 A = Elapsed time spent in this place.
 B = Non-inter-level travel time spent in this place.
 C = Inter-level travel time spent in this place.
 D = Time resting spent in this place.
 E = Time spent auto-exploring this place.
 F = Levels seen in this place.
 G = Mean time per level.
                   A        B        C        D        E       F      G
               +--------+--------+--------+--------+--------+-----+--------+
         Total |   4123 |   4031 |     92 |      0 |   2609 |   7 |  589.0 |
       Dungeon |   4123 |   4031 |     92 |      0 |   2609 |   7 |  589.0 |
               +--------+--------+--------+--------+--------+-----+--------+

Top non-repeatable levels by time:
     D:1: 922 daAuts
     D:6: 869 daAuts
     D:2: 654 daAuts
     D:4: 509 daAuts
     D:7: 493 daAuts
     D:3: 473 daAuts
     D:5: 198 daAuts
